 Dungeon Crawl Stone Soup version 0.28-a0-779-g3d1f99b579 (webtiles) character file.

Game seed: 12105899671068112147

1338 jasper the Ruffian (level 8, -1/61 HPs)
             Began as a Demonspawn Cinder Acolyte on Nov 2, 2021.
             Was a High Priest of Ignis.
             Shot with an arrow by a centaur (8 damage)
             ... on level 6 of the Dungeon.
             The game lasted 00:07:39 (4651 turns).

jasper the Ruffian (Demonspawn Cinder Acolyte)      Turns: 4651, Time: 00:07:40

Health: -1/61      AC: 10    Str: 19    XL:     8   Next: 35%
Magic:  9/9        EV:  9    Int: 18    God:    Ignis [*****.]
Gold:   378        SH:  0    Dex:  9    Spells: 6/9 levels left

rFire   + + .      SeeInvis .   m - +8 quarterstaff "Gaos" {flame, Fly rElec Str+5}
rCold   . . .      Faith    .   (shield currently unavailable)
rNeg    . . .      Spirit   .   s - +0 scale mail
rPois   +          Reflect  .   (no helmet)
rElec   +          Harm     .   x - +0 cloak
rCorr   .          Rampage  .   h - +0 pair of gloves
Will    .....                   (no boots)
Stlth   ..........              t - amulet of regeneration
HPRegen 1.20/turn               v - ring of protection from fire
MPRegen 0.11/turn               y - ring of poison resistance

@: flying
A: spiny 1, sharp scales 1, demonic touch 2
a: Renounce Religion, Sea of Fire, Foxfire Swarm, Rising Flame


You were on level 6 of the Dungeon.
You worshipped Ignis.
Ignis was extremely pleased with you.
You visited 1 branch of the dungeon, and saw 6 of its levels.
You also visited: Ossuary.

You collected 378 gold pieces.

Inventory:

Hand Weapons
 a - a -1 hand axe of flaming
 c - a +0 hunting sling
 f - a +2 hand axe of venom
 m - the +8 quarterstaff "Gaos" (weapon) {flame, Fly rElec Str+5}
   (You found it on level 4 of the Dungeon)

   It burns those it strikes, dealing additional fire damage.
   Str:       It affects your strength (+5).
   rElec:     It insulates you from electricity.
   Fly:       It grants you flight.
Missiles
 g - 170 stones
 j - 3 javelins
 k - 3 boomerangs of dispersal
 p - 7 poisoned darts (quivered)
 r - 13 sling bullets
 u - 6 silver boomerangs
Armour
 b - a +0 robe
 h - a +0 pair of gloves (worn)
 l - a +0 leather armour
 s - a +0 scale mail (worn)
 x - a +0 cloak (worn)
Magical Staves
 F - a staff of poison
Jewellery
 i - a ring of ice
 t - an amulet of regeneration (around neck)
 v - a ring of protection from fire (left hand)
 y - a ring of poison resistance (right hand)
 I - a +6 ring of intelligence
Scrolls
 E - 2 scrolls of fog
 G - a scroll of enchant weapon
 H - a scroll of brand weapon {unknown}
Potions
 d - 3 potions of magic
 e - 6 potions of flight
 n - 2 potions of invisibility {unknown}
 o - 4 potions of curing {unknown}
 q - a potion of degeneration {unknown}
 w - 2 potions of mutation {unknown}
 z - a potion of attraction {unknown}
 A - 3 potions of lignification {unknown}
 B - 2 potions of berserk rage {unknown}
 C - 2 potions of heal wounds {unknown}
 D - 2 potions of brilliance
 J - a potion of haste {unknown}


   Skills:
 + Level 4.5 Fighting
 - Level 3.3 Axes
 + Level 2.8 Armour
 * Level 7.2 Unarmed Combat
 - Level 1.0 Spellcasting
 - Level 2.6 Fire Magic
 + Level 2.9 Air Magic


You had 6 spell levels left.
You knew the following spells:

 Your Spells              Type           Power      Damage    Failure   Level
a - Swiftness             Air            11%        N/A       50%         3

Your spell library contained the following spells:

 Spells                   Type           Power      Damage    Failure   Level
 Scorch                   Fire           20%        2d6       30%         2
 Shock                    Conj/Air       24%        1d4       32%         1
 Poisonous Vapours        Pois/Air       12%        N/A       45%         2
 Sting                    Tmut/Pois      0%         1d3       52%         1
 Gell's Gravitas          Tloc           0%         N/A       87%         3
 Lesser Beckoning         Tloc           0%         N/A       87%         3
 Teleport Other           Tloc           0%         N/A       87%         3
 Airstrike                Air            5%         N/A       88%         4
 Olgreb's Toxic Radiance  Pois           0%         N/A       99%         4


Dungeon Overview and Level Annotations

Branches:
Dungeon (6/15)            Ossuary (visited)
 Temple: D:4-7

Altars:
Dithmenos
Elyvilon
Gozag
Okawaru
Uskayaw
Wu Jian

Annotations:
D:3 2 transporters


Innate Abilities, Weirdness & Mutations

You are partially covered in sharp spines.
You are partially covered in razor-sharp scales. (AC +1, Slay +1)
Your touch may inflict irresistible damage on your foes.


Message History

A centaur skeleton is nearby!
A centaur skeleton is nearby!
Found a scroll labelled JUOBIR DARU.
A centaur comes into view.
The centaur skeleton is struck by your spines.
The centaur skeleton barely misses you.
The centaur skeleton kicks you but does no damage.
You see here a +0 spear.
The centaur shouts!
You thump the centaur skeleton! You burn the centaur skeleton.
The centaur skeleton is severely damaged.
The centaur wields a +0 shortbow.
The centaur shoots an arrow.
The arrow hits you but does no damage.
The centaur skeleton hits you but does no damage.
The centaur skeleton barely misses you.
The centaur shoots an arrow.
The arrow hits you.
The centaur skeleton hits you but does no damage.
The centaur skeleton kicks you but does no damage.
You sock the centaur skeleton! You burn the centaur skeleton.
You destroy the centaur skeleton!
The centaur shoots an arrow.
The arrow hits you.
A centaur comes into view.
The centaur shoots an arrow.
The arrow hits you!
The centaur shouts!
The centaur shoots an arrow.
The arrow hits you.
The centaur wields a +0 shortbow.
The centaur shoots an arrow.
The arrow hits you.
You take 24 damage, and have 37/61 hp.
MASSIVE DAMAGE!!
The centaur shoots an arrow.
The arrow hits you!
The centaur shoots an arrow.
The arrow hits you.
The centaur shoots an arrow.
The arrow hits you!
The centaur shoots an arrow.
The arrow barely misses you.
The centaur shoots an arrow.
The arrow closely misses you.
The centaur shoots an arrow.
The arrow hits you.
* * * LOW HITPOINT WARNING * * *
The centaur shoots an arrow.
The arrow hits you!
* * * LOW HITPOINT WARNING * * *
The centaur shoots an arrow.
The arrow hits you but does no damage.
The centaur shoots an arrow.
The arrow completely misses you.
The centaur shoots an arrow.
The arrow hits you!
You die...

....>...[...........).......
#######.################.##.
#######.# #.##.
#......)####### #.##.
#.##..[.......# #.##.
#.......?..# #.###
#..........# ###.# #
#..........# #...###
+.......@..# #.....#
#.........c..... #......
#.........c..... #......
#####'####......#........
#.# ......###.###.. #.
...... #. #.. #. ..... #.
#.. '#### #. ... ....


You could see 2 centaurs.

Vanquished Creatures
  Sigmund (D:5)
  A black bear (D:4)
  A hornet zombie (D:4)
  2 ogres (D:5)
  A necrophage (D:4)
  3 scorpions (D:4)
  A centaur skeleton (D:6)
  A gnoll shaman (D:4)
  An orc priest (D:6)
  3 hounds
  An iguana (D:4)
  An orc wizard (D:6)
  2 hound skeletons
  8 mummies (Ossuary)
  5 gnolls (D:4)
  5 adders
  A shadow imp (D:5)
  4 dart slugs
  10 orcs
  8 bats
  6 endoplasms
  9 giant cockroaches
  2 gnoll zombies (Ossuary)
  10 goblins
  5 hobgoblins
  5 quokkas
  13 ball pythons
  4 frilled lizards
  3 hobgoblin zombies (Ossuary)
  8 kobolds
  3 orc zombies (Ossuary)
  7 rats
135 creatures vanquished.

Vanquished Creatures (others)
  33 foxfires (Ossuary)
33 creatures vanquished.

Grand Total: 168 creatures vanquished

Notes
Turn   | Place    | Note
-------+----------+-------------------------------------------
     0 | D:1      | jasper the Demonspawn Cinder Acolyte began the quest for
                  | the Orb.
     0 | D:1      | Reached XP level 1. HP: 18/18 MP: 2/2
   360 | D:1      | Gained mutation: Your touch may inflict minor irresistible
                  | damage on your foes. [demonic ancestry]
   360 | D:1      | Reached XP level 2. HP: 22/24 MP: 3/3
   669 | D:1      | Reached skill level 1 in Unarmed Combat
   996 | D:1      | Gained mutation: You are partially covered in razor-sharp
                  | scales. (AC +1, Slay +1) [demonic ancestry]
   996 | D:1      | Reached XP level 3. HP: 29/29 MP: 4/4
  1268 | D:2      | Reached skill level 2 in Unarmed Combat
  2350 | D:3      | Reached XP level 4. HP: 34/35 MP: 5/5
  2383 | D:3      | Found a transporter.
  2421 | D:3      | Reached skill level 3 in Unarmed Combat
  2656 | D:3      | Learned a level 3 spell: Swiftness
  2674 | D:3      | Found a faded altar of an unknown god.
  2677 | D:3      | Found a transporter.
  3155 | D:3      | Found an ornate altar of the Wu Jian Council.
  3156 | D:3      | Found a shadowy altar of Dithmenos.
  3157 | D:3      | Found a hide-covered altar of Uskayaw.
  3230 | D:4      | Noticed a scorpion
  3236 | D:4      | Killed a scorpion
  3237 | D:4      | Reached skill level 4 in Unarmed Combat
  3237 | D:4      | Reached XP level 5. HP: 41/41 MP: 6/6
  3252 | D:4      | Identified the +8 quarterstaff "Gaos" {flame, Fly rElec
                  | Str+5}
  3340 | D:4      | Found an opulent altar of Gozag.
  3421 | D:4      | Noticed a necrophage
  3427 | D:4      | Killed a necrophage
  3428 | D:4      | Reached skill level 5 in Unarmed Combat
  3428 | D:4      | Gained mutation: You are partially covered in sharp spines.
                  | [demonic ancestry]
  3428 | D:4      | Reached XP level 6. HP: 42/47 MP: 7/7
  3524 | D:4      | Reached skill level 1 in Armour
  3524 | D:4      | Reached skill level 6 in Unarmed Combat
  3524 | D:4      | Reached skill level 1 in Air Magic
  3524 | D:4      | Gained mutation: Your touch may inflict irresistible damage
                  | on your foes. [demonic ancestry]
  3524 | D:4      | Reached XP level 7. HP: 52/52 MP: 8/8
  3644 | D:4      | Found a sand-covered staircase.
  3666 | Ossuary  | Entered an ossuary
  3838 | Ossuary  | Identified a scroll of acquirement
  3838 | Ossuary  | Acquired a staff of poison
  4113 | D:5      | Entered Level 5 of the Dungeon
  4200 | D:5      | Found an iron altar of Okawaru.
  4238 | D:5      | Noticed Sigmund
  4243 | D:5      | Killed Sigmund
  4244 | D:5      | Reached XP level 8. HP: 55/60 MP: 9/9
  4379 | D:5      | Reached skill level 7 in Unarmed Combat
  4651 | D:6      | Shot with an arrow by a centaur

Illustrated notes

Levels and vault maps discovered:
D:1:      arrival_zaba_pyramid, layout_loops_ring, minmay_crystal_water
D:2:      cheibrodos_helix_gallery, layout_basic, minmay_misc_feat_ornament
D:3:      gammafunk_wand_slinger, layout_loops_cross,
          mainiacjoe_overflow_alcove_3, basic_ecumenical_altar
D:4:      layout_basic, grunt_gozag_breadcrumbs, nicolae_ossuary_entry_plus
D:5:      layout_rooms, mainiacjoe_overflow_six_doors_small,
          kennysheep_cross_room, amcnicky_mini_corridor_feature, uniq_sigmund
D:6:      layout_basic, serial_shops, shop, minmay_ruffians,
          uniq_prince_ribbit1, uniq_duvessa, uniq_crazy_yiuf_cottage

Skill      XL: |  1  2  3  4  5  6  7  8 |
---------------+-------------------------+-----
Axes           | 3 |  3.3
Unarmed Combat | 1 2 4 5 6 7 |  7.2
Armour         | 1 2 |  2.8
Air Magic      | 1 2 |  2.9
Fighting       | 4 |  4.5
Spellcasting   | |  1.0
Fire Magic     | |  2.6

Action                   |  1- 3 |  4- 6 |  7- 9 || total
-------------------------+-------+-------+-------++-------
Melee: Hand axe          |   102 |    11 |       ||   113
       Touch             |    11 |     3 |       ||    14
       Quarterstaff      |       |    30 |    67 ||    97
 Fire: Hunting sling     |     4 |    68 |       ||    72
Throw: Stone             |     1 |       |       ||     1
       Dart              |       |     1 |       ||     1
Invok: Foxfire Swarm     |       |       |     2 ||     2
  Use: Scroll            |     3 |     3 |     1 ||     7
 Stab: Sleeping          |     1 |       |       ||     1
Armor: Robe              |    23 |       |       ||    23
       Scale mail        |       |    29 |    39 ||    68
       Leather armour    |       |     3 |       ||     3
Dodge: Dodged            |    63 |    43 |    38 ||   144

Table legend: (Time is in decaauts)
 A = Elapsed time spent in this place.
 B = Non-inter-level travel time spent in this place.
 C = Inter-level travel time spent in this place.
 D = Time resting spent in this place.
 E = Time spent auto-exploring this place.
 F = Levels seen in this place.
 G = Mean time per level.
                   A        B        C        D        E       F      G
               +--------+--------+--------+--------+--------+-----+--------+
         Total |   4709 |   4576 |    133 |    373 |   3172 |   7 |  672.7 |
       Dungeon |   4507 |   4374 |    133 |    373 |   3046 |   6 |  751.2 |
       Ossuary |    202 |    202 |      0 |      0 |    126 |   1 |  202.0 |
               +--------+--------+--------+--------+--------+-----+--------+

Top non-repeatable levels by time:
     D:1: 1262 daAuts
     D:2: 1085 daAuts
     D:3: 894 daAuts
     D:4: 717 daAuts
     D:5: 452 daAuts
 Ossuary: 202 daAuts
     D:6: 94 daAuts
